 Dungeon Crawl Stone Soup version 0.18.1-5-g4a78601 (webtiles) character file.

47 mopl the Sneak (level 3, -1/21 HPs)
             Began as a High Elf Enchanter on May 11, 2016.
             Slain by Sigmund
             ... wielding a +3 scythe
              (9 damage)
             ... on level 2 of the Dungeon.
             The game lasted 00:02:15 (1293 turns).

mopl the Sneak (High Elf Enchanter)                 Turns: 1293, Time: 00:02:17

Health: -1/21      AC:  3    Str:  7    XL:     3   Next: 48%
Magic:  6/8        EV: 13    Int: 18    God:
Gold:   32         SH:  0    Dex: 17    Spells: 3 memorised, 1 level left

rFire  . . .     SeeInvis .     a - +1 dagger
rCold  . . .     Gourm    .     b - +1 robe
rNeg   . . .     Faith    .     (no shield)
rPois  .         Spirit   .     (no helmet)
rElec  .         Dismiss  .     (no cloak)
rCorr  .         Reflect  .     (no gloves)
SustAt .         Harm     .     (no boots)
MR     .....                    (no amulet)
Stlth  +++.......               (no ring)
                                (no ring)

@: not resistant to hostile enchantments, fairly stealthy
A: no striking features
a: no special abilities


You were on level 2 of the Dungeon.
You were very hungry.

You visited 1 branch of the dungeon, and saw 3 of its levels.

You collected 32 gold pieces.

Inventory:

Hand Weapons
 a - a +1 dagger (weapon)
Armour
 b - a +1 robe (worn)
Scrolls
 f - 2 scrolls of blinking {unknown}
 h - a scroll of teleportation {unknown}
 k - 3 scrolls of identify {unknown}
 m - a scroll of remove curse {unknown}
Potions
 e - a potion of haste {unknown}
 g - a potion of curing {unknown}
 j - a potion of flight {unknown}
 n - 2 potions of resistance {unknown}
Books
 c - a book of Maledictions

   Spells                             Type                      Level
   a - Corona                         Hexes                        1
   b - Ensorcelled Hibernation        Hexes/Ice                    2
   c - Confuse                        Hexes                        3
   d - Tukima's Dance                 Hexes                        3
   e - Dazzling Spray                 Conjuration/Hexes            3
Comestibles
 d - a bread ration
 i - 4 fruits


   Skills:
 - Level 1.2 Short Blades
 - Level 2.1 Dodging
 * Level 4.1 Stealth
 + Level 2.8 Spellcasting
 * Level 3.6 Hexes
 + Level 0.6 Ice Magic


You had one spell level left.
You knew the following spells:

 Your Spells              Type           Power        Failure   Level  Hunger
a - Corona                Hex            ###....      4%          1    None
b - Ensorcelled Hibernat  Hex/Ice        ##....       12%         2    ##.....
c - Confuse               Hex            ###.....     14%         3    ###....


Dungeon Overview and Level Annotations

Branches:
Dungeon (3/15)

Altars:

Annotations:
D:2 Sigmund


Message History

Sigmund says, "Why is everything spinning?"
The bat closely misses you.
You hit Sigmund.
Sigmund is moderately wounded.
The bat hits you but does no damage. Sigmund misses you.
The rat bites you but does no damage. The bat barely misses you.
You catch the helpless Sigmund completely off-guard!
You puncture Sigmund!
Sigmund is almost dead.
Sigmund seems less confused.
The bat barely misses you. The bat closely misses you.
The rat closely misses you. Sigmund casts a spell at you.
The puff of flame hits you!
You are feeling very hungry.
You barely miss Sigmund.
Sigmund is almost dead.
The bat hits you but does no damage. The rat bites you but does no damage.
The bat barely misses you.
Sigmund hits you with an enchanted scythe!
You die...

#.##........## ###...
#....##.#.#.# #.....#
#.##.###.##.## ##.......
..##.# ###...# ##<....##
..รท..# #...######.......#.
###### #)................. #
#####....####........#.
######...........#.#.....##
...............b@rJ.........
######.........@.#.##.##.##.
#####....####.# .# .#
#.......>.# .. .
#...#####....... # #...#
####.### ##...## #
#.#.#.##### ######.#.......#


You could see Sigmund, an ooze, a bat and a rat.

Vanquished Creatures
  2 adders (D:2)
  An ooze (D:1)
  5 giant cockroaches
  4 goblins
  A hobgoblin (D:1)
  3 jackals (D:2)
  3 bats
  2 giant newts (D:1)
  A kobold (D:1)
  5 rats
27 creatures vanquished.

Notes
Turn   | Place    | Note
--------------------------------------------------------------
     0 | D:1      | mopl the High Elf Enchanter began the quest for the Orb.
     0 | D:1      | Reached XP level 1. HP: 11/11 MP: 4/4
   411 | D:1      | Reached XP level 2. HP: 9/17 MP: 6/6
   415 | D:1      | Learned a level 2 spell: Ensorcelled Hibernation
   864 | D:2      | Reached skill level 4 in Stealth
   864 | D:2      | Reached XP level 3. HP: 20/21 MP: 4/8
   885 | D:2      | Learned a level 3 spell: Confuse
  1198 | D:2      | Noticed Sigmund
  1293 | D:2      | Slain by Sigmund

Skill      XL: |  1  2 |
---------------+-------+-----
Stealth        | 4 |  4.1
Short Blades   | |  1.2
Dodging        | |  2.1
Spellcasting   | |  2.8
Hexes          | |  3.6
Ice Magic      | |  0.6

Action                   || total
-------------------------++-------
Melee: Dagger            ||   100
 Cast: Corona            ||     2
       Ensorcelled Hiber ||     8
       Confuse           ||     3
 Stab: Sleeping          ||    13
       Confused          ||     1
  Eat: Chunk             ||     1
Armor: Robe              ||    23
Dodge: Dodged            ||    78
